AoeStats
← [AirBo]一大包

MegaRandom

506855814Analyzed
4v4 RM · 15d ago on Sep 15, 2026· 23m 40s· 8 players
Game mode
Random Map
Map size
Large (8 player)
Population
200
Speed
Normal
Resources
Standard
Victory
Conquest
Starting age
Dark Age
Ending age
Imperial Age
RankedLock teamsTeams togetherTeam positionsShared explorationLock speedFull tech treeHidden civsTurbo modeCheats
Victory
Defeat
🇦🇷 Georgians · Argentina
1721
+9
🇭🇰 Chinese · Hong Kong SAR China
1695
+10
🇹🇼 Slavs · Taiwan
1633
+13
🇹🇼 Khitans · Taiwan
1613
+14
🇨🇳 Burmese · China
1652
-14
🇨🇳 Poles · China
1605
-13
🇨🇳 Turks · China
1549
-11
🇨🇳 Wei · China
1453
-8
爱种田的太奶
0:30 Loom
12:19 Feudal Age
14:19 Double-Bit Axe
勇者四叶
0:51 Loom
13:27 Feudal Age
18:23 Castle Age
CNZS_Dadaya
0:31 Loom
10:19 Feudal Age
10:49 Double-Bit Axe
11:13 Fishing Lines
12:19 Horse Collar
15:32 Wheelbarrow
17:10 Scale Barding Armor
20:07 Castle Age
18:18 Scale Barding Armor
20:01 Gold Mining
20:42 Bloodlines
20:12 Light Cavalry
21:06 Bow Saw
21:09 Forging
21:10 Heavy Plow
21:45 Husbandry
23:09 Chain Barding Armor
Sandwich
9:29 Feudal Age
11:20 Double-Bit Axe
12:32 Forging
12:22 Loom
13:18 Horse Collar
17:21 Scale Mail Armor
[AirBo]實心包
0:31 Loom
9:27 Feudal Age
10:06 Double-Bit Axe
11:52 Horse Collar
21:49 Castle Age
21:08 Forging
21:18 Bloodlines
22:00 Scale Barding Armor
21:57 Light Cavalry
23:13 Iron Casting
甜心包
0:32 Loom
10:03 Feudal Age
10:31 Double-Bit Axe
23:26 Castle Age
[AirBo]一大包
0:30 Loom
9:24 Feudal Age
10:16 Double-Bit Axe
10:15 Domestication
16:21 Forging
17:20 Scale Barding Armor
24:11 Castle Age
[AirBo]空氣包
0:45 Loom
9:45 Feudal Age
10:40 Double-Bit Axe
16:23 Forging
17:44 Scale Barding Armor
19:29 Bloodlines
24:01 Castle Age
23:25 Fletching
Connection lost

Rejoining the realm…

Still unreachable

The connection could not be restored.

Session expired

The server has moved on; the page needs a fresh start.